 Dungeon Crawl Stone Soup version 0.28.0-49-g6dfe1f597d (webtiles) character file.

Game seed: 12562764827313034166

11 Exodus22XD the Sneak (level 2, 15/15 HPs)
             Began as a Kobold Enchanter on May 15, 2022.
             Was a Follower of Jiyva.
             Quit the game on level 1 of the Dungeon.
             The game lasted 00:00:21 (328 turns).

Exodus22XD the Sneak (Kobold Enchanter)              Turns: 328, Time: 00:00:21

Health: 15/15      AC:  2    Str:  5    XL:     2   Next: 35%
Magic:  5/5        EV: 15    Int: 16    God:    Jiyva [*.....]
Gold:   25         SH:  0    Dex: 15    Spells: 3/5 levels left

rFire   . . .      SeeInvis .   a - +1 dagger
rCold   . . .      Faith    .   (no shield)
rNeg    . . .      Spirit   .   b - +0 robe
rPois   .          Reflect  .   (no helmet)
rElec   .          Harm     .   (no cloak)
rCorr   .          Rampage  .   (no gloves)
Will    .....                   (no boots)
Stlth   ++++......              (no amulet)
HPRegen 0.85/turn               (no ring)
MPRegen 0.34/turn               (no ring)

@: no status effects
A: small, no large weapons, nightstalker 3
a: Renounce Religion


You were on level 1 of the Dungeon.
You worshipped Jiyva.
Jiyva was aware of your devotion.
You visited 1 branch of the dungeon, and saw 1 of its levels.

You collected 25 gold pieces.

Inventory:

Hand Weapons
 a - a +1 dagger (weapon)
Armour
 b - a +0 robe (worn)
Scrolls
 d - a scroll of teleportation {unknown}
Potions
 c - a potion of invisibility
 e - 2 potions of curing {unknown}
 f - a potion of lignification {unknown}


   Skills:
 + Level 1.3 Short Blades
 + Level 2.6 Dodging
 + Level 4.5 Stealth
 + Level 2.2 Spellcasting
 + Level 3.2 Hexes


You had 3 spell levels left.
You knew the following spells:

 Your Spells              Type           Power      Damage    Failure   Level
a - Ensorcelled Hibernat  Hex/Ice        12%        N/A       16%         2

Your spell library contained the following spells:

 Spells                   Type           Power      Damage    Failure   Level
 Confusing Touch          Hex            12%        N/A       16%         3
 Tukima's Dance           Hex            12%        N/A       16%         3
 Dazzling Flash           Conj/Hex       12%        N/A       32%         3


Dungeon Overview and Level Annotations

Branches:
Dungeon (1/15)

Altars:
Jiyva


Innate Abilities, Weirdness & Mutations

You are small and have problems with some larger weapons.
You are completely attuned to the shadows.


Message History

You see here 17 stones.
Found a stone staircase leading down.
No target in view!
f - a fizzy inky potion No target in view!
There is a stone staircase leading down here.
A ball python comes into view.
The ball python hisses angrily.
You barely miss the ball python. The ball python misses you.
The ball python barely misses you.
A ball python is nearby!
You hit the ball python.
You kill the ball python!
You now have 24 gold pieces (gained 11).
A rat comes into view.
A rat is nearby!
The helpless rat fails to defend itself.
You puncture the rat!
You kill the rat!
No target in view!
No target in view!
Found a mace.
Found a dagger.
A kobold comes into view. It is wielding a +0 dagger.
A kobold is nearby!
Found 2 gold pieces.
Found a faded altar of an unknown god.
The helpless kobold fails to defend itself.
You impale the kobold!!
You kill the kobold!
Found 2 gold pieces.
Found 4 gold pieces.
You enter the shallow water.
Moving in this stuff is going to be slow.
You now have 25 gold pieces (gained 1).
There is a faded altar of an unknown god here.
You cannot tell which god this altar belongs to.
Convert to them anyway?
Jiyva accepts your prayer! Jiyva welcomes you!
Jiyva begins accelerating your health and magic regeneration.
Are you sure you want to abandon this character and quit the game? (Confirm with "yes".)

##.#####. #..# ##.# #
#.####.#.. #
#.#....+... ##
#....#..... #.
##......... ....##.
#...≈$$.# ....#..
##♣♣## #.).≈@≈.#
....#.. #≈....###
##..≈≈$.# #...#..
#.....∩.# #......#
#....#. ......#∩###
#.#...$.. #......
<.........###.##.####
##...## ...........#
....... .....♣.....#
####### ...........#
..........###


There were no monsters in sight!

Vanquished Creatures
  2 ball pythons (D:1)
  An endoplasm (D:1)
  A goblin (D:1)
  A hobgoblin (D:1)
  A quokka (D:1)
  2 bats (D:1)
  A kobold (D:1)
  A rat (D:1)
10 creatures vanquished.

Notes
Turn   | Place    | Note
-------+----------+-------------------------------------------
     0 | D:1      | Exodus22XD the Kobold Enchanter began the quest for the
                  | Orb.
     0 | D:1      | Reached XP level 1. HP: 10/10 MP: 3/3
   108 | D:1      | Reached XP level 2. HP: 12/15 MP: 5/5
   111 | D:1      | Learned a level 2 spell: Ensorcelled Hibernation
   318 | D:1      | Found a faded altar of an unknown god.
   327 | D:1      | Prayed at the altar of an unknown god.
   327 | D:1      | Became a worshipper of Jiyva Jadiur the Shapeless
   327 | D:1      | Reached * piety under Jiyva
   328 | D:1      | Quit the game

Illustrated notes

Levels and vault maps discovered:
D:1:      nzn_arrival_settlement, layout_basic, serial_curves, eino_curves_01,
          eino_curves_04, eino_curves_03,
          hellmonk_ecumenical_altar_pennies_from_heaven,
          nicolae_concentric_dashed_squares_wild

Action                   || total
-------------------------++-------
Melee: Dagger            ||    21
 Stab: Sleeping          ||     7
Armor: Robe              ||     1
Dodge: Dodged            ||    12
